 Dungeon Crawl Stone Soup version 0.19-a0-1732-g0b18a7b (webtiles) character file.

92 4thArraOfDagon the Insei (level 4, 0/23 HPs)
             Began as a Vine Stalker Monk on Sept 30, 2016.
             Slain by an ogre
             ... wielding a +0 giant club
              (23 damage)
             ... on level 5 of the Dungeon.
             The game lasted 00:01:48 (349 turns).

4thArraOfDagon the Insei (Vine Stalker Monk)         Turns: 349, Time: 00:01:48

Health: 0/23       AC:  2    Str: 13    XL:     4   Next: 60%
Magic:  0/5        EV: 13    Int: 11    God:
Gold:   78         SH:  0    Dex: 17    Spells: 0 memorised, 3 levels left

rFire  . . .     SeeInvis .       - Unarmed
rCold  . . .     Gourm    .     a - +0 robe
rNeg   . . .     Faith    .     (no shield)
rPois  .         Spirit   +     (no helmet)
rElec  .         Dismiss  .     (no cloak)
rCorr  .         Reflect  .     (no gloves)
MR     .....     Harm     .     (no boots)
Stlth  ++........               (no amulet)
                                (no ring)
                                (no ring)

@: no status effects
A: fangs 2, regeneration 1, magic shield, antimagic bite, no device heal 3, rot
immunity
a: no special abilities


You were on level 5 of the Dungeon.
You were not hungry.

You visited 1 branch of the dungeon, and saw 5 of its levels.

You collected 78 gold pieces.

Inventory:

Armour
 a - a +0 robe (worn)
Scrolls
 c - 2 scrolls of teleportation {unknown}
 d - a scroll of recharging {unknown}
 e - a scroll of amnesia {unknown}
 f - a scroll of remove curse {unknown}
 i - 2 scrolls of identify {unknown}
Comestibles
 b - 2 bread rations
 g - a royal jelly
 h - 2 meat rations


   Skills:
 - Level 2.6 Fighting
 - Level 2.4 Dodging
 - Level 2.4 Stealth
 * Level 5.2 Unarmed Combat


You had 3 spell levels left.
You didn't know any spells.

Dungeon Overview and Level Annotations

Branches:
Dungeon (5/15)
 Temple: D:4-7

Altars:
Ru


Innate Abilities, Weirdness & Mutations

You have extremely sharp teeth.
Your natural rate of healing is unusually fast.
When hurt, damage is shared between your health and your magic reserves.
Your bite disrupts and absorbs the magic of your enemies.
Potions and wands cannot restore your health.
You are immune to rotting.


Message History

The ogre hits you with a giant club!!
Ouch! That really hurt!
* * * LOW HITPOINT WARNING * * *
Unknown command.
Unknown command.
You see here 18 sling bullets.
Unknown command.
Found a bread ration.
You see here 18 sling bullets.
You see here 18 sling bullets.
You see here 18 sling bullets.
You see here 18 sling bullets.
You see here 18 sling bullets.
You see here 18 sling bullets.
You see here 18 sling bullets.
You hit the ogre.
The ogre is moderately wounded.
The ogre hits you with a giant club!!
Ouch! That really hurt!
You die...

.## ..# ###.# ### .%..
..# #.# ####.####.# #.#
#.......#.# ### #.#
#.##.##.#.# #.. ...
.#.#...#O#.### #.# #.#
......_.@.....# #.# #.#
#.#.#...#.#.#.# #.###.#
#.##.##.#.#.#####......
# ......#.#...........#
###.####.#############
... ..# #. ###


You could see an ogre.

Vanquished Creatures
  An ogre (D:4)
  2 giant cockroaches (D:1)
  2 goblins
  A bat (D:2)
  2 rats
8 creatures vanquished.

Notes
Turn   | Place    | Note
-------+----------+-------------------------------------------
     0 | D:1      | 4thArraOfDagon the Vine Stalker Monk began the quest for the Orb.
     0 | D:1      | Reached XP level 1. HP: 11/11 MP: 2/2
   191 | D:3      | Reached XP level 2. HP: 9/16 MP: 3/3
   231 | D:4      | Noticed an ogre
   235 | D:4      | Killed an ogre
   235 | D:4      | Reached skill level 5 in Unarmed Combat
   235 | D:4      | Reached XP level 3. HP: 12/19 MP: 4/4
   235 | D:4      | Gained mutation: Your natural rate of healing is unusually fast. [Vine Stalker growth]
   235 | D:4      | Reached XP level 4. HP: 15/23 MP: 5/5
   274 | D:5      | Entered Level 5 of the Dungeon
   292 | D:5      | Found a sacrificial altar of Ru.
   295 | D:5      | Noticed an ogre
   349 | D:5      | Slain by an ogre

Vault maps used:
D:1:      scummos_arrival_simple_fountains, minmay_stone_trees_medium
D:2:      lemuel_coloured_pillars_altar, dancing_weapons_uskayaw,
          minmay_crystal_room, minmay_misc_feat_roman
D:3:      lemuel_crystal_altar, first_bread, guppyfry_early_lair_pool
D:4:      kennysheep_slug_shrine, st_stairs_1
D:5:      lemuel_crystal_altar, nicolae_overflow_crystal_walls,
          nicolae_ru_sacrificial_ziggurat, serial_glass, glass_columns_b,
          glass_columns_c, minmay_door_square, glass_columns_b

Skill      XL: |  1  2 |
---------------+-------+-----
Unarmed Combat | 5 |  5.2
Fighting       | |  2.6
Dodging        | |  2.4
Stealth        | |  2.4

Action                   |  1- 3 |  4- 6 || total
-------------------------+-------+-------++-------
Melee: Unarmed           |    23 |     3 ||    26
       Bite              |    12 |     1 ||    13
       Punch             |     1 |       ||     1
  Use: Potion            |     2 |       ||     2
 Stab: Sleeping          |     1 |     1 ||     2
Armor: Robe              |     4 |       ||     4
Dodge: Dodged            |    19 |       ||    19
